 Dungeon Crawl Stone Soup version 0.24-a0-250-g6074511 (webtiles) character file.

Game seed: 7089917303107295442

123 Gorice the Gusty (level 5, -3/37 HPs)
             Began as a Gnoll Wanderer on Apr 15, 2019.
             Was a Follower of Yredelemnul.
             Slain by Crazy Yiuf
             ... wielding a +4 quarterstaff of chaos
              (11 damage)
             ... on level 4 of the Dungeon.
             The game lasted 00:07:29 (2560 turns).

Gorice the Gusty (Gnoll Wanderer)                   Turns: 2560, Time: 00:07:30

Health: -3/37      AC:  9    Str: 15    XL:     5   Next: 7%
Magic:  9/9        EV: 10    Int: 13    God:    Yredelemnul [*.....]
Gold:   95         SH:  0    Dex: 16    Spells: 10/10 levels left

rFire    . . .     SeeInvis .   a - +0 hand axe
rCold    . . .     Gourm    .   (no shield)
rNeg     . . .     Faith    .   c - +2 scale mail
rPois    .         Spirit   .   (no helmet)
rElec    .         Reflect  .   (no cloak)
rCorr    .         Harm     .   (no gloves)
MR       .....                  (no boots)
Stlth    +.........             (no amulet)
HPRegen  0.12/turn              (no ring)
MPRegen  0.11/turn              (no ring)

@: no status effects
A: distributed training, fangs 1, strong nose
a: Animate Remains, Renounce Religion


You were on level 4 of the Dungeon.
You worshipped Yredelemnul.
Yredelemnul was aware of your devotion.
You were not hungry.

You visited 1 branch of the dungeon, and saw 4 of its levels.

You collected 95 gold pieces.

Inventory:

Hand Weapons
 a - a +0 hand axe (weapon)
 g - a +0 whip
 m - a +0 dagger
Missiles
 b - 66 bolts
 j - 29 sling bullets
 n - 6 curare-tipped needles
 Y - 184 stones
 Z - a throwing net (quivered) {!f}
Armour
 c - a +2 scale mail (worn)
Scrolls
 f - a scroll of teleportation {unknown}
 l - a scroll of fog
 o - a scroll of magic mapping {!r}
Potions
 e - a potion of agility {!q}
 h - 2 potions of curing {unknown}
 k - a potion of ambrosia {unknown}
 p - a potion of lignification {unknown}
Comestibles
 d - 6 rations
 i - 6 chunks of flesh


   Skills:
 + Level 1.3 Fighting
 + Level 1.3 Short Blades
 + Level 1.3 Long Blades
 + Level 2.8 Axes
 + Level 1.3 Maces & Flails
 + Level 1.3 Polearms
 + Level 1.3 Staves
 + Level 1.3 Slings
 + Level 1.3 Bows
 + Level 1.3 Crossbows
 + Level 1.3 Throwing
 + Level 4.7 Armour
 + Level 1.3 Dodging
 + Level 4.3 Stealth
 + Level 1.3 Shields
 + Level 1.3 Unarmed Combat
 + Level 3.1 Spellcasting
 + Level 1.0 Conjurations
 + Level 1.0 Hexes
 + Level 1.0 Charms
 + Level 2.3 Summonings
 + Level 1.0 Necromancy
 + Level 1.0 Translocations
 + Level 1.0 Transmutations
 + Level 1.0 Fire Magic
 + Level 1.0 Ice Magic
 + Level 5.5 Air Magic
 + Level 1.0 Earth Magic
 + Level 1.0 Poison Magic
 + Level 1.4 Invocations
 + Level 1.3 Evocations


You had 10 spell levels left.
You didn't know any spells.
Your spell library contained the following spells:

 Spells                   Type           Power        Failure   Level  Hunger
 Shock                    Conj/Air       ##..         22%         1    #......
 Static Discharge         Conj/Air       ##......     54%         3    ###....


Dungeon Overview and Level Annotations

Branches:
Dungeon (4/15)
 Temple: D:4-7

Altars:
Xom
Yredelemnul

Annotations:
D:4 Crazy Yiuf


Innate Abilities, Weirdness & Mutations

Your experience applies equally to all skills.
You have very sharp teeth.
Your uncanny sense of smell can sniff out nearby items.


Message History

a +0 dagger; a +0 leather armour; a +0 hand axe; an orc skeleton x2
Some of the chunks of flesh in your inventory have rotted away.
Found a hunting sling.
Y - 165 stones (gained 16)
Y - 184 stones (gained 19)
You see here a +0 dagger.
You see here a +0 dagger.
Some of the chunks of flesh in your inventory have rotted away.
Eating one of 7 chunks of flesh.
You eat one of the 7 chunks of flesh.
This raw flesh tastes terrible.
There is a shimmering altar of Xom here.
Done exploring.
Done exploring.
There is a shimmering altar of Xom here.
There is a stone staircase leading down here.
As you read the scroll labeled YXKEKI WAGYI, it crumbles to dust.
You feel blessed for a moment.
It was a scroll of remove curse.
As you read the scroll labeled HITEIT OCEEMI, it crumbles to dust.
You feel momentarily disoriented.
It was a scroll of magic mapping.
You climb downwards.
Found a scroll labeled DOTUNA WIDIOJE and 5 gold pieces.
There is a stone staircase leading up here.
f - a scroll labeled DOTUNA WIDIOJE
There is a stone staircase leading up here.
You now have 95 gold pieces (gained 5).
Found a stone staircase leading down.
Found a mace.
Found a runed translucent door.
You open the door.
There is an open translucent door here.
Crazy Yiuf shouts!
You slash Crazy Yiuf! Your bite misses Crazy Yiuf.
Crazy Yiuf is moderately wounded.
Crazy Yiuf misses you.
You closely miss Crazy Yiuf.
Crazy Yiuf is moderately wounded.
Crazy Yiuf drinks a potion.
Crazy Yiuf flickers and vanishes!
Deactivating autopickup; reactivate with Ctrl-A.
You completely miss something. Something hits you. Something freezes you.
Damage: 2 (max 2)
You hit something. Something hits you! Something freezes you.
Damage: 9 (max 9)
You closely miss something. Something hits you.
Damage: 1 (max 9)
You barely miss something. Something hits you but does no damage.
You are electrocuted!
* * * LOW HITPOINT WARNING * * *
Damage: 17 (max 17)
You miss something. Something hits you!
You die...
Your body rises from the dead as a mindless zombie.

.># #. #.# #.
##.###. #......
##.####
♣♣♣♣♣###.#
#####♣♣♣.♣..#...#
#...#♣..♣.......#
#.{@'.♣♣♣♣......#
#)..#♣♣ ♣♣.#..##
##### ♣♣####


There were no monsters in sight!

Vanquished Creatures
  3 adders (D:3)
  3 worms
  4 dart slugs
  A leopard gecko (D:1)
  6 orcs (D:3)
  4 giant cockroaches
  7 goblins
  8 hobgoblins
  9 jackals
  2 ball pythons
  7 bats
  7 frilled lizards
  3 kobolds
  7 rats
71 creatures vanquished.

Notes
Turn   | Place    | Note
-------+----------+-------------------------------------------
     0 | D:1      | Gorice the Gnoll Wanderer began the quest for the Orb.
     0 | D:1      | Gorice set off with the following items: a +0 dagger, a +2
                  | scale mail, a ration; and the following spell memorised:
                  | Shock; and the following spells available to memorise:
                  | Static Discharge
     0 | D:1      | Reached XP level 1. HP: 13/13 MP: 4/4
    48 | D:1      | Reached skill level 2 in Summonings
    48 | D:1      | Reached XP level 2. HP: 11/19 MP: 3/5
   739 | D:1      | Reached XP level 3. HP: 15/25 MP: 7/7
  1162 | D:2      | Reached skill level 1 in Invocations
  1482 | D:2      | Reached skill level 1 in Fighting
  1482 | D:2      | Reached skill level 1 in Short Blades
  1482 | D:2      | Reached skill level 1 in Long Blades
  1482 | D:2      | Reached skill level 1 in Maces & Flails
  1482 | D:2      | Reached skill level 1 in Polearms
  1482 | D:2      | Reached skill level 1 in Staves
  1482 | D:2      | Reached skill level 1 in Slings
  1482 | D:2      | Reached skill level 1 in Bows
  1482 | D:2      | Reached skill level 1 in Crossbows
  1482 | D:2      | Reached skill level 1 in Throwing
  1482 | D:2      | Reached skill level 1 in Dodging
  1482 | D:2      | Reached skill level 1 in Shields
  1482 | D:2      | Reached skill level 1 in Unarmed Combat
  1482 | D:2      | Reached skill level 1 in Evocations
  1624 | D:2      | Reached XP level 4. HP: 32/32 MP: 8/8
  1963 | D:3      | Reached skill level 3 in Spellcasting
  2029 | D:3      | Reached skill level 1 in Conjurations
  2029 | D:3      | Reached skill level 1 in Hexes
  2029 | D:3      | Reached skill level 1 in Charms
  2029 | D:3      | Reached skill level 1 in Necromancy
  2029 | D:3      | Reached skill level 1 in Translocations
  2029 | D:3      | Reached skill level 1 in Transmutations
  2029 | D:3      | Reached skill level 1 in Fire Magic
  2029 | D:3      | Reached skill level 1 in Ice Magic
  2029 | D:3      | Reached skill level 1 in Earth Magic
  2029 | D:3      | Reached skill level 1 in Poison Magic
  2152 | D:3      | Found a faded altar of an unknown god.
  2180 | D:3      | Found a shimmering altar of Xom.
  2180 | D:3      | Found a shimmering altar of Xom.
  2181 | D:3      | Found a shimmering altar of Xom.
  2181 | D:3      | Found a shimmering altar of Xom.
  2189 | D:3      | Became a worshipper of Yredelemnul the Dark
  2189 | D:3      | Reached * piety under Yredelemnul
  2275 | D:3      | Reached XP level 5. HP: 31/37 MP: 9/9
  2313 | D:3      | Found a shimmering altar of Xom.
  2547 | D:4      | Found a runed translucent door.
  2548 | D:4      | Noticed Crazy Yiuf
  2559 | D:4      | HP: 8/37 [something (17)]
  2560 | D:4      | Slain by Crazy Yiuf

Levels and vault maps discovered:
D:1:      onia_arrival_pentagram, layout_basic, serial_glass, glass_columns_c,
          glass_columns_c, chequers_serial_rivers_micro_e, minivault_26,
          minmay_hexomino_f4
D:2:      layout_loops_corners, chequers_decorated_corner
D:3:      layout_rooms, chequers_ecumenical_altar_simple_redux, xom_redecorated
D:4:      layout_loops_cross, gammafunk_temple_overflow_pools,
          minmay_temple_entry_nine_rooms, uniq_ijyb, uniq_crazy_yiuf_cottage

Skill      XL: |  1  2  3  4 |
---------------+-------------+-----
Summonings     | 2 |  2.3
Invocations    | 1 |  1.4
Fighting       | 1 |  1.3
Short Blades   | 1 |  1.3
Long Blades    | 1 |  1.3
Maces & Flails | 1 |  1.3
Polearms       | 1 |  1.3
Staves         | 1 |  1.3
Slings         | 1 |  1.3
Bows           | 1 |  1.3
Crossbows      | 1 |  1.3
Throwing       | 1 |  1.3
Dodging        | 1 |  1.3
Shields        | 1 |  1.3
Unarmed Combat | 1 |  1.3
Evocations     | 1 |  1.3
Spellcasting   | 3 |  3.1
Conjurations   | 1 |  1.0
Hexes          | 1 |  1.0
Charms         | 1 |  1.0
Necromancy     | 1 |  1.0
Translocations | 1 |  1.0
Transmutations | 1 |  1.0
Fire Magic     | 1 |  1.0
Ice Magic      | 1 |  1.0
Earth Magic    | 1 |  1.0
Poison Magic   | 1 |  1.0
Axes           | |  2.8
Armour         | |  4.7
Stealth        | |  4.3
Air Magic      | |  5.5

Action                   |  1- 3 |  4- 6 || total
-------------------------+-------+-------++-------
Melee: Dagger            |    79 |       ||    79
       Bite              |    25 |    14 ||    39
       Whip              |   110 |       ||   110
       Punch             |     2 |     2 ||     4
       Hand axe          |     4 |   112 ||   116
 Cast: Shock             |     3 |       ||     3
  Use: Scroll            |     2 |     4 ||     6
 Stab: Sleeping          |     1 |     1 ||     2
  Eat: Chunk             |     3 |     3 ||     6
Armor: Scale mail        |   111 |    41 ||   152
Dodge: Dodged            |    92 |    50 ||   142

Table legend:
 A = Non-vault XP
 B = Vault XP
 C = Vault XP percentage of total XP
 D = Non-vault monster count
 E = Vault monster count
 F = Vault count percentage of total count
                 A         B        C        D         E       F
            +---------+---------+-------+---------+---------+-------
      Total |     173 |       4 |   2.3 |      68 |       3 |   4.2
            +---------+---------+-------+---------+---------+-------
        D:1 |      35 |       4 |  10.3 |      22 |       3 |  12.0
        D:2 |      44 |       0 |   0.0 |      19 |       0 |   0.0
        D:3 |      94 |       0 |   0.0 |      27 |       0 |   0.0
            +---------+---------+-------+---------+---------+-------

Table legend:
 A = Turns spent in this place as a percentage of turns spent in the entire game.
 B = Non-inter-level travel turns spent in this place as a percentage of non-inter-level travel turns spent in the entire game.
 C = Inter-level travel turns spent in this place as a percentage of turns spent in this place.
 D = Turns resting spent in this place as a percentage of non-inter-level travel turns spent in this place.
 E = Turns spent auto-exploring this place as a percentage of non-inter-level travel turns spent in this place.
 F = Non-inter-level travel turns spent in this place divided by the number of levels of this place that you've seen.
                   A       B       C       D       E      F
               +-------+-------+-------+-------+-------+----------------------
         Total | 100.0 | 100.0 |   3.0 |   4.5 |  61.3 | 620.5
       Dungeon | 100.0 | 100.0 |   3.0 |   4.5 |  61.3 | 620.5
               +-------+-------+-------+-------+-------+----------------------

Levels and vault maps discovered:
D:1:      onia_arrival_pentagram, layout_basic, serial_glass, glass_columns_c,
          glass_columns_c, chequers_serial_rivers_micro_e, minivault_26,
          minmay_hexomino_f4
D:2:      layout_loops_corners, chequers_decorated_corner
D:3:      layout_rooms, chequers_ecumenical_altar_simple_redux, xom_redecorated
D:4:      layout_loops_cross, gammafunk_temple_overflow_pools,
          minmay_temple_entry_nine_rooms, uniq_ijyb, uniq_crazy_yiuf_cottage
